 Dungeon Crawl Stone Soup version 0.30.0-19-gbf45117a57 (webtiles) character file.

Game seed: 18045425634026494946

104 qw the Chopper (level 4, -5/28 HPs)
             Began as a Gargoyle Fighter on May 25, 2023.
             Slain by Natasha (7 damage)
             ... on level 3 of the Dungeon.
             The game lasted 00:00:42 (1375 turns).

qw the Chopper (Gargoyle Fighter)                   Turns: 1375, Time: 00:00:43

Health: -5/28      AC: 12    Str: 22    XL:     4   Next: 80%
Magic:  4/4        EV:  9    Int:  8    God:
Gold:   1272       SH:  4    Dex:  9    Spells: 3/3 levels left

rFire   . . .        Y - +0 war axe
rCold   . . .        c - +0 buckler
rNeg    + . .        b - +0 scale mail
rPois   inf          (no helmet)
rElec   +            i - +0 cloak
rCorr   .            f - +0 pair of gloves
SInv    .            (no boots)
Will    .....        (no amulet) Stlth
                     (no ring)
HPRegen 0.24/turn    (no ring)
MPRegen 0.09/turn

%: no passive effects
@: slowed, very slow
A: sickness immunity, AC +3, negative energy resistance 1, electricity
resistance, torment resistance 1, petrification resistance
a: no special abilities


You were on level 3 of the Dungeon.
You visited 1 branch of the dungeon, and saw 3 of its levels.

You collected 1272 gold pieces.


Innate Abilities, Weirdness & Mutations

You are immune to sickness and miasma.
Your stone body is resilient. (AC +3)
You are immune to poison.
You resist negative energy. (rN+)
You are resistant to electric shocks. (rElec)
You are resistant to unholy torment.
You are immune to petrification.


   Skills:
 - Level 3.2 Fighting
 + Level 4.4 Axes
 - Level 3.2 Armour
 - Level 3.2 Shields


You had 3 spell levels left.
You didn't know any spells.
Your spell library was empty.

Inventory:

Hand Weapons
 m - a +0 whip
 Y - a +0 war axe (weapon)
Armour
 b - a +0 scale mail (worn)
 c - a +0 buckler (worn)
 f - a +0 pair of gloves (worn)
 i - a +0 cloak (worn)
Potions
 d - a potion of might
 e - a potion of degeneration {unknown}
 h - a potion of brilliance {unknown}

Dungeon Overview and Level Annotations

Branches:
Dungeon (3/15)

Altars:
Gozag

Annotations:
D:3 Natasha


Message History

Natasha zaps a wand.
The puff of flame hits you but does no damage.
You hit the plant.
The plant is lightly damaged.
A nearby plant withers and dies.
Natasha zaps a wand.
You block the puff of flame.
You enter the shallow water.
Moving in this stuff is going to be slow.
You hit Natasha.
Natasha is moderately wounded.
Natasha zaps a wand.
The puff of flame hits you. Natasha casts a spell at you.
You feel yourself slow down.
Your unstable footing causes you to fumble your attack.
You are engulfed in a cloud of scalding steam.
You block Natasha's attack. Natasha closely misses you.
You closely miss Natasha.
Natasha is moderately wounded.
You are engulfed in a cloud of scalding steam.
Ouch! That really hurt!
Natasha claws you but does no damage. Natasha closely misses you.
1371 ||| DRINKING potion of heal wounds.
You feel much better. Natasha claws you but does no damage.
Your unstable footing causes you to fumble your attack.
Natasha closely misses you.
Natasha zaps a wand.
The puff of flame hits you!
Your unstable footing causes you to fumble your attack.
You are engulfed in a cloud of scalding steam.
Natasha claws you but does no damage.
Natasha mumbles some strange words.
Your unstable footing causes you to fumble your attack.
You are engulfed in a cloud of scalding steam.
Ouch! That really hurt!
Natasha claws you but does no damage.
The cerulean imp hits you but does no damage.
Natasha mewls in sadness.
Natasha claws you but does no damage.
Your unstable footing causes you to fumble your attack.
You block the cerulean imp's attack. Natasha claws you!
You die...

7~~~...~P~~~ ~P~...~~~P~
77~P...~~~PP ..
7~~~...~P~~~
.77~~~$..~~~~~
#.7~P%%%.~~~~~ #
#.7~~5.%.~~~~~~ ..
#..7~....~~~~~ ...
#..h@...~~PPP7
....#.......~~~~~7
............7~~P77
...##..####7P~P~#
...###.....7~~~7#
.#......####7~7#########
#....#...##.7..........
#......#.#.%..####.......
###....#.###..# #.......


You could see Natasha and a cerulean imp (summoned).

Vanquished Creatures
  Natasha (D:3)
  3 adders
  A worm (D:3)
  3 dart slugs
  2 bats
  2 endoplasms
  A giant cockroach (D:2)
  5 goblins
  6 hobgoblins
  6 jackals
  3 kobolds (D:2)
  A quokka (D:1)
  4 ball pythons
  2 frilled lizards
  2 rats
42 creatures vanquished.

Notes
Turn   | Place    | Note
-------+----------+-------------------------------------------
     0 | D:1      | qw the Gargoyle Fighter began the quest for the Orb.
     0 | D:1      | Reached XP level 1. HP: 14/14 MP: 1/1
     0 | D:1      | 0 ||| qw: Version: 0.2-a-98-g5d7165a
     0 | D:1      | 0 ||| qw: Game counter: 72
     0 | D:1      | 0 ||| qw: Always use a shield: true
     0 | D:1      | 0 ||| qw: God list: Okawaru
     0 | D:1      | 0 ||| qw: Allow faded altars: false
     0 | D:1      | 0 ||| qw: Do Orc after D:15 true
     0 | D:1      | 0 ||| qw: Do second Lair branch before Depths: true
     0 | D:1      | 0 ||| qw: Lair rune preference: random
     0 | D:1      | 0 ||| qw: Plans: Normal, Zot:1-4, God:TSO, Crypt, Tomb,
                  | Pan, Slime:5, Hells, Abyss, Win
     0 | D:1      | 0 ||| PLANNING D:1-11
    73 | D:1      | Reached skill level 2 in Axes
   215 | D:1      | Reached XP level 2. HP: 19/19 MP: 2/2
   274 | D:1      | 274 ||| Stepping ~*~*~tactically~*~*~ (stealth).
   364 | D:1      | 364 ||| Stepping ~*~*~tactically~*~*~ (stealth).
   516 | D:1      | Reached skill level 3 in Axes
   550 | D:1      | 550 ||| UPGRADING to +0 cloak.
   555 | D:1      | 555 ||| READING scroll labelled MOCKERGH HONT.
   556 | D:1      | 556 ||| READING scroll labelled DULELAXZOSOXT.
   556 | D:1      | Identified a scroll of acquirement
   556 | D:1      | 556 ||| ACQUIRING 1100 gold pieces
   556 | D:1      | Acquired 1100 gold pieces
   558 | D:1      | 558 ||| READING scroll labelled GYMAIT GIWKOE.
   607 | D:2      | Reached XP level 3. HP: 23/23 MP: 3/3
   614 | D:2      | 614 ||| Stepping ~*~*~tactically~*~*~ (hiding).
   679 | D:2      | 679 ||| Stepping ~*~*~tactically~*~*~ (stealth).
   887 | D:2      | Found an opulent altar of Gozag.
  1111 | D:2      | 1111 ||| DROPPING +0 club.
  1208 | D:2      | 1208 ||| UPGRADING to +0 pair of gloves.
  1213 | D:2      | 1213 ||| READING scroll labelled COIMUZOFOA.
  1214 | D:2      | 1214 ||| READING scroll labelled ELANGAPSARHU.
  1215 | D:2      | 1215 ||| READING scroll labelled YPNICACS FEFRA.
  1216 | D:2      | 1216 ||| DRINKING 2 viscous yellow potions.
  1245 | D:3      | Reached XP level 4. HP: 28/28 MP: 4/4
  1339 | D:3      | Noticed Natasha
  1347 | D:3      | Reached skill level 4 in Axes
  1353 | D:3      | Killed Natasha
  1362 | D:3      | Noticed Natasha
  1370 | D:3      | HP: 5/28 [Natasha] (17)]
  1371 | D:3      | 1371 ||| DRINKING potion of heal wounds.
  1374 | D:3      | HP: 1/28 [Natasha] (19)]
  1375 | D:3      | Slain by Natasha

Levels and vault maps discovered:
D:1:      heliophobic_arrival_battle_scene, layout_basic
D:2:      layout_basic, basic_altar
D:3:      layout_basic, serial_bayou_ford_a, uniq_natasha

Skill      XL: |  1  2  3  4 |
---------------+-------------+-----
Axes           | 2 3 4 |  4.4
Fighting       | |  3.2
Armour         | |  3.2
Shields        | |  3.2

Action                     |  1- 3 |  4- 6 || total
---------------------------+-------+-------++-------
  Melee: War axe           |    87 |    29 ||   116
    Use: Scroll            |     6 |       ||     6
         Potion            |     1 |     1 ||     2
 Armour: Scale mail        |    36 |    27 ||    63
  Dodge: Dodged            |    43 |    13 ||    56
  Block: Buckler           |    18 |    10 ||    28

Table legend:
 A = Non-vault XP
 B = Vault XP
 C = Vault XP percentage of total XP
 D = Non-vault monster count
 E = Vault monster count
 F = Vault count percentage of total count
                 A         B        C        D         E       F
            +---------+---------+-------+---------+---------+-------
      Total |     114 |      35 |  23.5 |      41 |       1 |   2.4
            +---------+---------+-------+---------+---------+-------
        D:1 |      33 |       0 |   0.0 |      17 |       0 |   0.0
        D:2 |      40 |       0 |   0.0 |      15 |       0 |   0.0
        D:3 |      41 |      35 |  46.1 |       9 |       1 |  10.0
            +---------+---------+-------+---------+---------+-------
